 Dungeon Crawl Stone Soup version 0.19.4-8-ga85b6b9 (console) character file.

12324 Kloppie the Carver (level 11, -16/89 HPs)
             Began as a Demonspawn Berserker on Feb 9, 2017.
             Was a High Priest of Trog.
             Demolished by an orc knight
             ... wielding a +0 glaive
              (34 damage)
             ... in a bailey.
             The game lasted 00:14:12 (9507 turns).

Kloppie the Carver (Demonspawn Berserker)           Turns: 9507, Time: 00:14:13

Health: -16/89     AC: 13    Str: 19    XL:     11   Next: 60%
Magic:  0/11       EV: 24    Int:  9    God:    Trog [*****.]
Gold:   548        SH:  0    Dex: 24    Spells: 0 memorised, 10 levels left

rFire  + . .     SeeInvis .     a - +2 scimitar (slice)
rCold  . . .     Gourm    .     K - +0 ring mail {rN+}
rNeg   + + .     Faith    .     (no shield)
rPois  +         Spirit   +     (helmet restricted)
rElec  .         Reflect  .     H - +0 cloak {rPois}
rCorr  .         Harm     .     q - +2 pair of gloves {Dex+3}
MR     ++...                    (no boots)
Stlth  ++........               (no amulet)
                                D - ring of positive energy
                                y - ring of protection from fire

@: agile, exhausted, regenerating, slowed, very slow
A: horns 1, icy blue scales 1, spiny 2, strong 1, magic shield, magic
regeneration
a: Berserk, Trog's Hand, Brothers in Arms, Burn Spellbooks, Renounce Religion


You were in a bailey.
You worshipped Trog.
Trog was extremely pleased with you.
You were very hungry.

You visited 1 branch of the dungeon, and saw 10 of its levels.
You also visited: Sewer and Bailey.

You collected 548 gold pieces.

Inventory:

Hand Weapons
 a - a +2 scimitar of slicing (weapon)
 x - a +0 scimitar of flaming
 I - a +3 long sword
 M - a +0 great sword of holy wrath
Armour
 q - a +2 pair of gloves of dexterity (worn)
 H - a +0 cloak of poison resistance (worn)
 K - a +0 ring mail of positive energy (worn)
 N - the +1 scale mail "Uzarekad" {+Inv, unknown}
   (You found it in a bailey)

   It lets you turn invisible.
Jewellery
 n - an uncursed ring of poison resistance
 y - a ring of protection from fire (left hand)
 D - a ring of positive energy (right hand)
Wands
 o - a wand of random effects (28/48)
 r - a wand of digging (10/24)
 t - a wand of random effects (22/48)
 G - a wand of confusion (5/48)
 L - a wand of acid (5/15)
Scrolls
 b - 5 scrolls of remove curse
 i - 4 scrolls of identify
 p - 4 scrolls of teleportation
 z - 2 scrolls of recharging
 A - 3 scrolls of blinking
 B - 3 scrolls of magic mapping
 F - 2 scrolls of enchant weapon
 J - a scroll of brand weapon {unknown}
 O - a scroll of holy word {unknown}
Potions
 d - 3 potions of berserk rage
 e - 5 potions of curing
 f - a potion of cancellation {unknown}
 g - 2 potions of flight
 h - 2 potions of magic
 m - 2 potions of heal wounds
 s - 4 potions of lignification
 u - a potion of haste
 C - 2 potions of invisibility
Comestibles
 c - 9 bread rations
 j - 4 meat rations
 l - 4 beef jerkies
 w - 10 slices of pizza
 E - 2 fruits


   Skills:
 - Level 9.3 Fighting
 + Level 10.2 Long Blades
 * Level 7.2 Armour
 - Level 9.5 Dodging


You had 10 spell levels left.
You didn't know any spells.

Dungeon Overview and Level Annotations

Branches:
Dungeon (10/15)            Temple (0/1) D:6            Lair (0/6) D:10
    Orc: D:9-12

Altars:
Ashenzari
Cheibriados
Dithmenos
Elyvilon
Fedhas
Makhleb
Okawaru
Qazlal
Ru
Trog


Innate Abilities, Weirdness & Mutations

You have a pair of small horns on your head.
You are partially covered in icy blue scales. (AC +2)
You are mostly covered in sharp spines.
When hurt, damage is shared between your health and your magic reserves.
You regenerate magic rapidly.
Your muscles are strong. (Str +2)


Message History

You closely miss the orc knight.
The orc knight is heavily wounded.
The orc knight barely misses you.
You closely miss the orc knight. Your headbutt misses the orc knight.
The orc knight is heavily wounded.
The orc warrior misses you.
You riposte.
You closely miss the orc warrior. You headbutt the orc warrior!
You kill the orc warrior!
Trog accepts your kill. The orc knight closely misses you.
Things that are here:
a halberd; a ring mail You feel a strong urge to attack something.
You closely miss the orc knight.
The orc knight is heavily wounded.
You are no longer berserk.
You are exhausted.
You feel yourself slow down.
The orc knight hits you with a glaive!!!
You die...

### ###
####∩###########.##
.##...##.....##..?#
..#...#..≈≈≈..#..)#
≈.......≈≈.≈≈.#...#
≈..(((..≈...≈.))@.#
≈.......≈≈.≈≈.#o..#
..#..(#..≈≈≈..#..(#
.##.∩.##.....##...#
####∩###########.##
### ###


You could see an orc knight.

Vanquished Creatures
  Erica (D:7)
  2 orc knights (Bailey)
  Pikel (D:7)
  2 ugly things
  Maurice (D:8)
  Joseph (D:10)
  A tengu conjurer (D:10)
  A troll (D:10)
  A hippogriff (D:8)
  A human (D:8)
  Eustachio (D:5)
  10 yaks
  4 hogs (D:8)
  2 hungry ghosts
  3 water moccasins
  15 orc warriors
  Purgy (Sewer)
  3 ice beasts
  5 sky beasts
  A slave (D:7)
  2 ogres (D:9)
  2 necrophages
  2 phantoms
  A centaur (D:7)
  3 wolves (D:10)
  2 big kobolds (D:9)
  3 bullfrogs
  4 scorpions
  4 wights (D:7)
  3 howler monkeys (D:9)
  4 crimson imps
  A quasit (D:5)
  Crazy Yiuf (D:5)
  An orc priest (D:9)
  11 orc wizards
  5 hounds
  3 centaur skeletons
  A gnoll shaman (D:8)
  A bullfrog skeleton (D:5)
  An iguana (D:7)
  11 worker ants
  Robin (D:2)
  5 gnolls (D:8)
  A howler monkey skeleton (D:4)
  A river rat (D:5)
  13 adders
  A shadow imp (D:6)
  2 adder zombies
  7 worms
  A dart slug (D:1)
  6 leopard geckos
  68 orcs
  3 ball pythons
  6 bats
  4 giant cockroaches
  9 goblins
  9 hobgoblins
  14 jackals
  2 quokkas
  10 frilled lizards
  A jackal zombie (D:5)
  18 kobolds
  A leopard gecko skeleton (D:5)
  A quokka skeleton (D:6)
  9 rats
316 creatures vanquished.

Vanquished Creatures (others)
  A slave (D:7)
  An adder zombie (D:7)
2 creatures vanquished.

Grand Total: 318 creatures vanquished

Notes
Turn   | Place    | Note
-------+----------+-------------------------------------------
     0 | D:1      | Kloppie the Demonspawn Berserker began the quest for the Orb.
     0 | D:1      | Reached XP level 1. HP: 18/18 MP: 1/1
   345 | D:1      | Gained mutation: When hurt, damage is shared between your health and your magic reserves. [demonic ancestry]
   345 | D:1      | Reached XP level 2. HP: 24/24 MP: 2/2
  1035 | D:2      | Gained mutation: You are partially covered in sharp spines. [demonic ancestry]
  1035 | D:2      | Reached XP level 3. HP: 26/29 MP: 3/3
  1116 | D:2      | Reached skill level 3 in Long Blades
  1476 | D:2      | Noticed Robin
  1483 | D:2      | Reached ** piety under Trog
  1498 | D:2      | Killed Robin
  1498 | D:2      | Reached XP level 4. HP: 33/36 MP: 1/4
  1689 | D:3      | Found a faded altar of an unknown god.
  1811 | D:3      | Found an iron altar of Okawaru.
  2063 | D:3      | Found a blossoming altar of Fedhas.
  2220 | D:3      | Reached XP level 5. HP: 36/41 MP: 3/5
  2377 | D:4      | Found a snail-covered altar of Cheibriados.
  2431 | D:4      | Reached skill level 4 in Long Blades
  2515 | D:4      | Gained mutation: You have a pair of small horns on your head. [demonic ancestry]
  2515 | D:4      | Reached XP level 6. HP: 47/47 MP: 6/6
  2593 | D:4      | Reached *** piety under Trog
  2978 | D:4      | Reached skill level 5 in Dodging
  3042 | D:4      | HP: 1/47 [orc/flail (5)]
  3478 | D:5      | Entered Level 5 of the Dungeon
  3508 | D:5      | Gained mutation: You are partially covered in icy blue scales. (AC +2) [demonic ancestry]
  3508 | D:5      | Reached XP level 7. HP: 28/54 MP: 4/7
  3595 | D:5      | Noticed Eustachio
  3610 | D:5      | Reached skill level 5 in Long Blades
  3620 | D:5      | Reached skill level 5 in Fighting
  3622 | D:5      | Killed Eustachio
  3844 | D:5      | Found a glowing drain.
  3848 | Sewer    | Entered a sewer
  3862 | Sewer    | Noticed Purgy
  3885 | Sewer    | Killed Purgy
  3885 | Sewer    | Reached XP level 8. HP: 53/65 MP: 8/8
  4096 | D:5      | Gained mutation: Your muscles are strong. (Str +2) [potion of beneficial mutation]
  4422 | D:5      | Reached **** piety under Trog
  4610 | D:5      | Reached skill level 6 in Long Blades
  4625 | D:5      | Found a runed door.
  5005 | D:5      | Noticed Crazy Yiuf
  5009 | D:5      | Killed Crazy Yiuf
  5216 | D:6      | Found a white marble altar of Elyvilon.
  5257 | D:6      | Found a shadowy altar of Dithmenos.
  5560 | D:6      | Found a staircase to the Ecumenical Temple.
  5732 | D:7      | Reached XP level 9. HP: 69/75 MP: 9/9
  5874 | D:7      | Noticed Pikel
  5902 | D:7      | Killed Pikel
  5902 | D:7      | Reached skill level 7 in Long Blades
  6516 | D:7      | Found a shattered altar of Ashenzari.
  6952 | D:8      | Noticed Erica
  6974 | D:7      | Killed Erica
  6974 | D:7      | Reached skill level 8 in Long Blades
  7141 | D:8      | Gained mutation: You regenerate magic rapidly. [demonic ancestry]
  7141 | D:8      | Reached XP level 10. HP: 83/83 MP: 10/10
  7183 | D:8      | Found a sacrificial altar of Ru.
  7353 | D:8      | Reached ***** piety under Trog
  7499 | D:8      | Noticed Maurice
  7513 | D:8      | Killed Maurice
  7615 | D:8      | Found a bloodstained altar of Trog.
  8189 | D:9      | Found a burning altar of Makhleb.
  8238 | D:9      | Reached skill level 9 in Long Blades
  8252 | D:9      | Received a gift from Trog
  8439 | D:9      | Noticed a purple ugly thing
  8451 | D:9      | Killed a purple ugly thing
  8641 | D:9      | Gained mutation: You are mostly covered in sharp spines. [demonic ancestry]
  8641 | D:9      | Reached XP level 11. HP: 85/89 MP: 11/11
  8770 | D:9      | Found a sacrificial altar of Ru.
  8770 | D:9      | Found a stormy altar of Qazlal.
  8879 | D:10     | Entered Level 10 of the Dungeon
  8879 | D:10     | Noticed Joseph
  8977 | D:10     | Noticed a red ugly thing
  8992 | D:10     | Killed a red ugly thing
  8992 | D:10     | Reached skill level 5 in Armour
  8999 | D:10     | Killed Joseph
  9066 | D:10     | Received a gift from Trog
  9138 | D:10     | Reached skill level 10 in Long Blades
  9192 | D:10     | Found a flagged portal.
  9199 | Bailey   | Entered a bailey
  9200 | Bailey   | Noticed an orc knight
  9218 | Bailey   | Killed an orc knight
  9313 | Bailey   | Got a shimmering scale mail
  9484 | Bailey   | Noticed an orc knight
  9484 | Bailey   | Noticed an orc knight
  9496 | Bailey   | Killed an orc knight
  9507 | Bailey   | Demolished by an orc knight

Skill      XL: |  1  2  3  4  5  6  7  8  9 10 11 |
---------------+----------------------------------+-----
Dodging        | 2 3 4 5 7 9 |  9.5
Long Blades    | 3 4 5 6 8 9 10 | 10.2
Fighting       | 4 6 8 9 |  9.3
Armour         | 3 7 |  7.2

Action                   |  1- 3 |  4- 6 |  7- 9 | 10-12 || total
-------------------------+-------+-------+-------+-------++-------
Melee: Falchion          |    95 |   133 |   217 |       ||   445
       Headbutt          |       |    18 |    72 |    77 ||   167
       Scimitar          |       |       |    41 |   278 ||   319
Invok: Berserk           |     5 |     1 |     5 |     6 ||    17
       Trog's Hand       |     1 |       |     1 |     2 ||     4
Evoke: Wand              |       |       |       |    23 ||    23
  Use: Scroll            |       |     1 |    12 |     2 ||    15
       Potion            |       |       |    10 |     2 ||    12
 Stab: Sleeping          |     1 |       |     1 |       ||     2
  Eat: Chunk             |     5 |     9 |    17 |    15 ||    46
       Royal jelly       |       |       |     1 |       ||     1
Armor: Animal skin       |     5 |       |       |       ||     5
       Ring mail         |    27 |    54 |    60 |    45 ||   186
       Leather armour    |       |       |    28 |    23 ||    51
Dodge: Dodged            |    67 |    69 |   177 |   220 ||   533
       Rpst.: Falchion   |    25 |    20 |    35 |       ||    80
       Scimitar          |       |       |     8 |    57 ||    65
